 Dungeon Crawl Stone Soup version 0.17.1-3-g152610e (webtiles) character file.

949 kaze the Ducker (level 7, 0/70 HPs)
             Began as a Troll Berserker on Feb 22, 2016.
             Was a Priest of Trog.
             Succumbed to a killer bee's poison
             ... on level 6 of the Dungeon on Feb 23, 2016.
             The game lasted 00:14:55 (3932 turns).

kaze the Ducker (Troll Berserker)                   Turns: 3932, Time: 00:14:55

Health: 0/70       AC:  9    Str: 28    XL:     7   Next: 89%
Magic:  6/6        EV: 11    Int:  3    God:    Trog [***...]
Gold:   297        SH:  0    Dex:  9    Spells: 0 memorised, 6 levels left

rFire  x . .     SeeInvis .     q - +2 battleaxe (elec)
rCold  + . .     Clarity  +     a - +2 animal skin
rNeg   . . .     SustAt   +     (shield currently unavailable)
rPois  .         Gourm    +     h - +1 hat
rElec  .         Spirit   .     e - +0 cloak
rCorr  .         Warding  .     (gloves unavailable)
rMut   .         Stasis   .     (boots unavailable)
MR     .....                    m - amulet of clarity
Stlth  +.........               g - ring of ice
                                y - ring of sustain attributes

@: lethally poisoned (0 -> -6), exhausted, slowed, very slow, not resistant to
hostile enchantments, very unstealthy
A: unfitting armour, claws 3, talons 1, fast metabolism 3, gourmand,
regeneration 2, shaggy fur 1, tough skin 2
a: Berserk, Trog's Hand, Burn Spellbooks, Renounce Religion


You were on level 6 of the Dungeon.
You worshipped Trog.
Trog was most pleased with you.
You were not hungry.

You visited 1 branch of the dungeon, and saw 6 of its levels.

You collected 297 gold pieces.

Inventory:

Hand Weapons
 q - a +2 battleaxe of electrocution (weapon)
 x - a +1 vampiric falchion
Armour
 a - a +2 animal skin (worn)
 e - a +0 cloak (worn)
 h - a +1 hat (worn)
Jewellery
 g - a ring of ice (right claw)
 m - an amulet of clarity (around neck)
 v - an uncursed ring of stealth
 y - a ring of sustain attributes (left claw)
Wands
 d - a wand of digging (5)
 i - a wand of polymorph (11)
 p - a wand of draining (5)
Scrolls
 f - a scroll of teleportation
 l - a scroll of blinking
 o - 2 scrolls of noise
 r - 4 scrolls of remove curse
 s - 8 scrolls of identify
 u - a scroll of fog
 w - a scroll of immolation {unknown}
Potions
 k - 5 potions of curing
 n - a potion of heal wounds
 t - a potion of poison {unknown}
Comestibles
 b - 4 bread rations
 c - 8 meat rations
 j - a slice of pizza


   Skills:
 + Level 4.1 Fighting
 + Level 3.0 Axes
   Level 0.2(1.8) Polearms
 + Level 6.0 Dodging
 - Level 0.1 Stealth
 + Level 3.8 Unarmed Combat


You had 6 spell levels left.
You didn't know any spells.

Dungeon Overview and Level Annotations

Branches:
Dungeon (6/15)
 Temple: D:4-7

Altars:

Shops:
D:5 [


Innate Abilities, Weirdness & Mutations

You are too large for most types of armour.
You have claws for hands.
Your metabolism is lightning-fast.
You like to eat raw meat.
You heal very quickly.
You are covered in fur (AC +1).
You have very tough skin (AC +2).
You have sharp toenails.


Message History

The killer bee stings you.
* * * LOW HITPOINT WARNING * * *
You are more poisoned.
The killer bee poisons you!
You miss the killer bee. You claw the killer bee.
The killer bee is severely wounded.
* * * LOW HITPOINT WARNING * * *
You feel sick. The killer bee closely misses you. The killer bee stings you.
* * * LOW HITPOINT WARNING * * *
You are too berserk!
Unknown command.
You are too berserk!
You are no longer berserk.
You are exhausted.
You feel yourself slow down.
* * * LOW HITPOINT WARNING * * *
You feel sick.
You barely miss the killer bee. Your kick misses the killer bee.
The killer bee is severely wounded.
You die...

#.# #.# #.#
#.################
.........yyy.y.yy#
#.######.#######y#
#.# #.# #.# #y#
#.# #y# #.# #.#
#@# ..# #.# #.#
### #.# #.# .# #.#
#.# y# #.#
y#######.# #.#
y......... ..#
.....###. ###
.....#


You could see 4 killer bees.

Vanquished Creatures
  Duvessa (D:5)
  An ice beast (D:5)
  A phantom (D:5)
  Dowan (D:5)
  A scorpion (D:4)
  2 killer bees (D:6)
  2 crimson imps
  A giant frog zombie (D:5)
  A giant frog skeleton (D:3)
  A jelly (D:5)
  A hound (D:5)
  A worker ant (D:5)
  Jessica (D:3)
  Terence (D:2)
  An iguana (D:5)
  3 adders
  3 gnolls (D:3)
  An adder skeleton (D:5)
  9 worms
  6 giant geckos
  7 orcs
  7 bats
  7 giant cockroaches
  5 hobgoblins
  2 ball pythons
  A giant gecko skeleton (D:6)
  3 giant newts
  16 goblins
  10 kobolds
  A quokka zombie (D:5)
  12 rats
110 creatures vanquished.

Notes
Turn   | Place    | Note
--------------------------------------------------------------
     0 | D:1      | kaze the Troll Berserker began the quest for the Orb.
     0 | D:1      | Reached XP level 1. HP: 22/22 MP: 0/0
   164 | D:1      | Reached XP level 2. HP: 29/29 MP: 1/1
   465 | D:1      | Reached ** piety under Trog
   479 | D:1      | Reached XP level 3. HP: 36/36 MP: 2/2
  1334 | D:2      | Noticed Terence
  1342 | D:2      | Killed Terence
  1342 | D:2      | Reached XP level 4. HP: 34/45 MP: 3/3
  1650 | D:3      | Noticed Jessica
  1650 | D:3      | Reached skill level 1 in Axes
  1650 | D:3      | Reached *** piety under Trog
  1652 | D:3      | Killed Jessica
  1652 | D:3      | Reached XP level 5. HP: 51/53 MP: 4/4
  1819 | D:3      | Reached skill level 4 in Dodging
  2763 | D:4      | Reached XP level 6. HP: 46/61 MP: 5/5
  2807 | D:4      | Gained mutation: You have sharp toenails. [potion of beneficial mutation]
  3132 | D:5      | Entered Level 5 of the Dungeon
  3239 | D:5      | Noticed Duvessa
  3243 | D:5      | Noticed Dowan
  3246 | D:5      | Killed Duvessa
  3252 | D:5      | Killed Dowan
  3252 | D:5      | Reached skill level 5 in Dodging
  3252 | D:5      | Reached XP level 7. HP: 53/68 MP: 6/6
  3389 | D:5      | Found Rotzafil's Antique Armour Boutique.
  3504 | D:5      | Reached **** piety under Trog
  3921 | D:6      | Reached skill level 6 in Dodging
  3931 | D:6      | HP: 3/70 [poisoned by a killer bee]
  3932 | D:6      | Succumbed to a killer bee's poison

Action                   |  1- 3 |  4- 6 |  7- 9 || total
-------------------------+-------+-------+-------++-------
Melee: Unarmed           |    88 |       |       ||    88
       Battleaxe         |    20 |    94 |    50 ||   164
       Trident           |       |    41 |       ||    41
Invok: Berserk           |       |     1 |     1 ||     2
       Trog's Hand       |       |       |     2 ||     2
  Use: Potion            |     1 |     5 |       ||     6
       Scroll            |     8 |     8 |     1 ||    17
  Eat: Chunk             |    18 |    11 |     6 ||    35
       Fruit             |       |     4 |       ||     4
